 Dungeon Crawl Stone Soup version 0.18-a0-1293-g5a2c81a (webtiles) character file.

8029 George the Carver (level 11, -19/97 HPs)
             Began as a Minotaur Fighter on Feb 10, 2016.
             Was a High Priest of Okawaru.
             Killed from afar by a lich (60 damage)
             ... with a bolt of lightning
             ... on level 3 of the Abyss.
             The game lasted 00:22:33 (9042 turns).

George the Carver (Minotaur Fighter)                Turns: 9042, Time: 00:22:34

Health: -19/97     AC: 16    Str: 24    XL:     11   Next: 4%
Magic:  15/15      EV:  9    Int:  5    God:    Okawaru [*****.]
Gold:   375        SH: 17    Dex: 13    Spells: 0 memorised, 10 levels left

rFire  . . .     SeeInvis .     a - +0 long sword
rCold  . . .     Gourm    .     W - +1 plate armour of Minor Irritation {Dex+3}
rNeg   + . .     Faith    .     c - +1 shield
rPois  .         Spirit   .     (helmet restricted)
rElec  .         Dismiss  .     (no cloak)
rCorr  .         Reflect  +     B - +0 pair of gloves
SustAt .         Harm     .     (no boots)
MR     .....                    l - +4 amulet of reflection
Stlth  ..........               C - +3 ring of evasion
                                z - ring of positive energy

@: about to teleport, not resistant to hostile enchantments, extremely
unstealthy
A: retaliatory headbutt, horns 2
a: Heroism, Finesse, Renounce Religion


You were on level 3 of the Abyss.
You worshipped Okawaru.
Okawaru was extremely pleased with you.
You were hungry.

You visited 2 branches of the dungeon, and saw 9 of its levels.
You visited the Abyss 1 time.
You also visited: Sewer and Ossuary.

You collected 375 gold pieces.

Inventory:

Hand Weapons
 a - a +0 long sword (weapon)
Armour
 c - a +1 shield (worn)
 B - a +0 pair of gloves (worn)
 W - the +1 plate armour of Minor Irritation (worn) {Dex+3}
   (Okawaru gifted it to you on level 3 of the Abyss)

   It affects your dexterity (+3).
Jewellery
 l - a +4 amulet of reflection (around neck)
 v - an uncursed ring of fire
 z - a ring of positive energy (left hand)
 C - a +3 ring of evasion (right hand)
Wands
 H - a wand of heal wounds (4/9)
 R - a wand of lightning (4/15)
 T - a wand of slowing (14/48)
 U - a wand of slowing (23/48)
Scrolls
 i - 7 scrolls of remove curse
 G - 2 scrolls of enchant armour
 M - a scroll of recharging
Potions
 o - 3 potions of cancellation
 s - a potion of agility {unknown}
 u - 4 potions of heal wounds {unknown}
 D - 5 potions of flight {unknown}
 E - 2 potions of curing
 I - a potion of brilliance {unknown}
 J - 2 potions of degeneration {unknown}
 K - 2 potions of lignification {unknown}
 V - a potion of resistance {unknown}
Comestibles
 f - a bread ration
 j - 2 beef jerkies
 k - 3 meat rations
 Q - a royal jelly


   Skills:
 + Level 9.4 Fighting
 + Level 10.5 Long Blades
 + Level 9.7 Armour
 + Level 9.5 Shields
 + Level 7.4 Invocations


You had 10 spell levels left.
You didn't know any spells.

Dungeon Overview and Level Annotations

Branches:
Dungeon (8/15)             Temple (1/1) D:7
   Lair: D:8-11

Altars:
Ashenzari
Dithmenos
Elyvilon
Fedhas
Gozag
Makhleb
Nemelex Xobeh
Okawaru
Pakellas
Qazlal
Sif Muna
Trog
Vehumet
Xom
Yredelemnul
Zin
The Shining One
Jiyva

Shops:
D:5 [   D:7 =

Annotations:
D:8 Erolcha


Innate Abilities, Weirdness & Mutations

You reflexively headbutt those who attack you in melee.
You have a pair of horns on your head.


Message History

You continue taking off your +0 plate armour. x4
You finish taking off your +0 plate armour.
Wear which item? (? for menu, Esc to quit)
You start putting on your armour.
You continue putting on your smelly plate armour {god gift}. x4
You finish putting on the +1 plate armour of Minor Irritation {Dex+3}.
Drop what? 31/52 slots (_ for help) (? for menu, Esc to quit)
You drop a +0 plate armour.
You drop a wand of iceblast {empty}.
You start resting.
A lich materialises.
The lich shouts!
Read which item? (? for menu, Esc to quit)
As you read the scroll of teleportation, it crumbles to dust.
You feel strangely unstable.
You feel the power of the Abyss delaying your translocation!
The lich casts a spell at you. The bolt of lightning hits you!
Ouch! That really hurt!
You die...

. # . # .###
.# #
##..#..#_.
## . ...
....###..
#.###L#.####
#.........#
#....../..#
#.#...#.#.
#..@...#..#
#.###.## [ #
#.#.#.#. #.
#### # # .


You could see a lich.

Vanquished Creatures
  A tentacled starspawn (Abyss:2)
  A thrashing horror (Abyss:2)
  A giant orange brain (Abyss:2)
  The ghost of Tomstefer the Basher, a novice OgBe of Trog (Ossuary)
  2 smoke demons
  Grinder (D:4)
  A frost giant simulacrum (Abyss:3)
  2 wraiths (Ossuary)
  Sigmund (D:5)
  4 yaks (D:7)
  A hippogriff (D:7)
  A neqoxec (Abyss:3)
  Eustachio (D:5)
  Menkaure (D:5)
  2 ice beasts
  3 phantoms
  3 centaurs
  4 ogres
  3 big kobolds
  A small abomination (Abyss:2)
  2 scorpions
  3 wights (Ossuary)
  4 electric eels (D:7)
  A giant frog zombie (D:5)
  A crimson imp (D:7)
  An orc priest (D:6)
  2 hounds
  An orc wizard (D:3)
  2 centaur skeletons
  An iguana (D:5)
  4 worker ants
  A killer bee zombie (D:5)
  A hound skeleton (D:5)
  8 adders
  5 river rats
  2 shadow imps
  An ooze (D:2)
  6 adder zombies (Ossuary)
  3 adder skeletons
  A worm (D:4)
  3 giant geckos
  16 orcs
  8 giant cockroaches
  9 goblins
  11 hobgoblins
  7 jackals
  4 quokkas
  8 bats
  A giant gecko skeleton (D:5)
  7 giant newts
  18 kobolds
  An orc skeleton (Ossuary)
  14 rats
192 creatures vanquished.

Vanquished Creatures (others)
  A chaos spawn (Abyss:3)
  A centaur (D:7)
  A gnoll (D:3)
  A goblin (D:3)
  A kobold (D:7)
  A lurking horror (Abyss:3)
  4 starspawn tentacles (Abyss:2)
  58 starspawn tentacle segments (Abyss:2)
68 creatures vanquished.

Grand Total: 260 creatures vanquished

Notes
Turn   | Place    | Note
--------------------------------------------------------------
     0 | D:1      | George the Minotaur Fighter began the quest for the Orb.
     0 | D:1      | Reached XP level 1. HP: 19/19 MP: 0/0
   385 | D:1      | Reached XP level 2. HP: 26/26 MP: 1/1
   461 | D:1      | Found a shimmering altar of Xom.
   662 | D:2      | Reached skill level 4 in Long Blades
   759 | D:2      | Reached XP level 3. HP: 25/31 MP: 2/2
   995 | D:2      | Found a stormy altar of Qazlal.
  1493 | D:3      | Reached skill level 5 in Long Blades
  1686 | D:3      | Reached XP level 4. HP: 39/39 MP: 3/3
  1935 | D:3      | Found a deep blue altar of Sif Muna.
  2233 | D:3      | Found an iron altar of Okawaru.
  2241 | D:3      | Became a worshipper of Warmaster Okawaru
  2398 | D:3      | Found a shadowy altar of Dithmenos.
  2589 | D:4      | Found an oddly glowing altar of Pakellas.
  2690 | D:4      | Reached XP level 5. HP: 46/46 MP: 4/4
  2727 | D:4      | Reached skill level 1 in Invocations
  2754 | D:4      | Noticed a phantom
  2756 | D:4      | Reached skill level 6 in Long Blades
  2764 | D:4      | Noticed an ogre
  2780 | D:4      | Killed an ogre
  2780 | D:4      | Reached * piety under Okawaru
  2780 | D:4      | Reached XP level 6. HP: 9/52 MP: 4/6
  2951 | D:4      | Found a glowing drain.
  2966 | Sewer    | Entered a sewer
  3237 | Sewer    | Reached skill level 5 in Armour
  3237 | Sewer    | Reached XP level 7. HP: 60/60 MP: 7/7
  3259 | Sewer    | Found a white marble altar of Elyvilon.
  3491 | D:4      | Noticed Grinder
  3510 | D:4      | Paralysed by Grinder for 6 turns
  3524 | D:4      | Killed Grinder
  3524 | D:4      | Reached skill level 5 in Fighting
  3524 | D:4      | Reached skill level 5 in Shields
  3851 | D:5      | Entered Level 5 of the Dungeon
  3954 | D:5      | Noticed Menkaure
  3968 | D:5      | Killed Menkaure
  3968 | D:5      | Reached skill level 7 in Long Blades
  3986 | D:5      | Noticed Eustachio
  4019 | D:5      | Killed Eustachio
  4019 | D:5      | Reached ** piety under Okawaru
  4019 | D:5      | Reached XP level 8. HP: 35/69 MP: 9/9
  4248 | D:5      | Noticed Sigmund
  4269 | D:5      | Killed Sigmund
  4554 | D:5      | Found Ogeikhlu's Antique Armour Boutique.
  4652 | D:5      | Found a stormy altar of Qazlal.
  5063 | D:6      | Found a sand-covered staircase.
  5068 | Ossuary  | Entered an ossuary
  5080 | Ossuary  | Noticed Tomstefer's ghost (novice OgBe)
  5104 | Ossuary  | Killed Tomstefer's ghost
  5104 | Ossuary  | Reached skill level 8 in Long Blades
  5250 | Ossuary  | Reached *** piety under Okawaru
  5313 | Ossuary  | Noticed a flying skull
  5346 | Ossuary  | Noticed a flying skull
  5365 | Ossuary  | Noticed a flying skull
  5366 | Ossuary  | Noticed a flying skull
  5380 | Ossuary  | Reached XP level 9. HP: 71/78 MP: 11/11
  5727 | D:6      | Reached skill level 5 in Invocations
  6289 | D:7      | Reached **** piety under Okawaru
  6302 | D:7      | Found Giocu's Jewellery Boutique.
  6582 | D:7      | Reached skill level 9 in Long Blades
  7652 | D:7      | Reached XP level 10. HP: 83/88 MP: 13/13
  7703 | D:7      | Found a staircase to the Ecumenical Temple.
  7712 | Temple   | Entered the Ecumenical Temple
  8175 | D:8      | Found an oddly glowing altar of Pakellas.
  8176 | D:8      | Found a glowing silver altar of Zin.
  8178 | D:8      | Found a radiant altar of Vehumet.
  8178 | D:8      | Found a shimmering altar of Xom.
  8179 | D:8      | Noticed Erolcha
  8180 | D:8      | Found a shattered altar of Ashenzari.
  8183 | D:8      | Found a glowing golden altar of the Shining One.
  8206 | D:8      | Cast into level 2 of the Abyss (Erolcha)
  8400 | Abyss:2  | Noticed a tentacled starspawn
  8441 | Abyss:2  | Noticed a giant orange brain
  8442 | Abyss:2  | Killed a tentacled starspawn
  8442 | Abyss:2  | Reached skill level 10 in Long Blades
  8448 | Abyss:2  | Noticed a smoke demon
  8451 | Abyss:2  | Noticed a thrashing horror
  8474 | Abyss:2  | Killed a smoke demon
  8477 | Abyss:2  | Killed a thrashing horror
  8485 | Abyss:2  | Killed a giant orange brain
  8485 | Abyss:2  | Reached ***** piety under Okawaru
  8717 | Abyss:2  | Noticed a worldbinder
  8775 | Abyss:2  | Noticed a bone dragon
  8815 | Abyss:2  | Noticed a black mamba
  8881 | Abyss:3  | Noticed a tentacled monstrosity
  8912 | Abyss:3  | Noticed a smoke demon
  8921 | Abyss:3  | Killed a smoke demon
  8921 | Abyss:3  | Reached XP level 11. HP: 58/97 MP: 15/15
  8924 | Abyss:3  | Found a corrupted altar of Lugonu.
  8985 | Abyss:3  | Received a gift from Okawaru
  8986 | Abyss:3  | Got a smelly plate armour {god gift}
  8992 | Abyss:3  | Noticed a bone dragon
  9000 | Abyss:3  | Identified the +1 plate armour of Minor Irritation {Dex+3} (Okawaru gifted it to you on level 3 of the Abyss)
  9039 | Abyss:3  | Noticed a lich
  9039 | Abyss:3  | Found a corrupted altar of Lugonu.
  9042 | Abyss:3  | Killed from afar by a lich

Vault maps used:
D:1:      dpeg_arrival_windows_large_door, roderic_lattice_a, xom_teletrap_fun
D:2:      old_standard_altar, first_bread
D:3:      led_sif_pool, okawaru_altar_gauntlet_db,
          nicolae_overflow_hidden_temple, hangedman_decor_growths
D:4:      portal_sewer_entry_a, grunt_pakellas_mercury, uniq_grinder
D:5:      basic_altar, serial_shops, shop, sigmund_army, uniq_menkaure,
          uniq_eustachio, uniq_sigmund
D:6:      enter_ossuary_2, corexii_corridor_pit
D:7:      kennysheep_big_flooded_room, serial_shops, kennysheep_mini_moat
D:8:      grunt_temple_overflow_open, nemelex_lonely_heart_becter, uniq_erolcha
Temple:   pf_slime_end_temple
Abyss:3:  lemuel_flamethrower_3
Sewer:    sewer_kobolds
Ossuary:  ossuary_due_cavern

Action                   |  1- 3 |  4- 6 |  7- 9 | 10-12 || total
-------------------------+-------+-------+-------+-------++-------
Melee: Long sword        |   115 |   167 |   346 |   130 ||   758
Invok: Heroism           |       |       |     1 |     2 ||     3
Evoke: Wand              |       |     2 |     2 |     5 ||     9
  Use: Scroll            |       |     6 |     5 |     5 ||    16
       Potion            |       |       |     1 |     6 ||     7
  Eat: Chunk             |     3 |     5 |     5 |     3 ||    16
       Bread ration      |       |       |     2 |       ||     2
       Pizza             |       |       |       |     1 ||     1
